 Dungeon Crawl Stone Soup version 0.18-a0-1157-g59db91b (webtiles) character file.

2984 ThermosAquaticus the Martial Artist (level 9, -3/71 HPs)
             Began as a Green Draconian Transmuter on Jan 23, 2016.
             Was a Believer of Okawaru.
             Slain by a two-headed ogre
             ... wielding a +0 giant club
              (19 damage)
             ... on level 7 of the Dungeon.
             The game lasted 00:36:02 (9158 turns).

ThermosAquaticus the Martial Artist (DrTm)          Turns: 9158, Time: 00:36:04

Health: -3/71      AC: 13    Str: 12    XL:     9   Next: 53%
Magic:  6/15       EV: 17    Int: 20    God:    Okawaru [**....]
Gold:   332        SH:  0    Dex: 17    Spells: 4 memorised, 4 levels left

rFire  . . .     SeeInvis .       - Unarmed
rCold  . . .     Gourm    .     (armour unavailable)
rNeg   . . .     Faith    .     (shield currently unavailable)
rPois  +         Spirit   .     d - +2 hat
rElec  .         Dismiss  .     G - +0 cloak (curse)
rCorr  .         Reflect  .     (gloves currently unavailable)
SustAt .         Harm     .     s - +2 pair of boots
MR     .....                    (no amulet)
Stlth  +++.......               (no ring)
                                p - +3 ring of intelligence

@: agile, blade hands, very slightly contaminated, not resistant to hostile
enchantments, fairly stealthy
A: breathe noxious fumes, unfitting armour, poison resistance, cold-blooded, AC
+7
a: Breathe Noxious Fumes, End Transformation, Heroism, Renounce Religion


You were on level 7 of the Dungeon.
You worshipped Okawaru.
Okawaru was pleased with you.
You were not hungry.
You had blades for hands.
You visited 2 branches of the dungeon, and saw 9 of its levels.

You collected 332 gold pieces.

Inventory:

Missiles
 a - 85 arrows
 f - 16 poisoned needles
 h - 9 stones (quivered)
Armour
 d - a +2 hat (worn)
 s - a +2 pair of boots (worn)
 G - a cursed +0 cloak (worn)
Magical Staves
 x - an uncursed staff of air
Jewellery
 p - a +3 ring of intelligence (left scythe-like blade)
Wands
 u - a wand of slowing (19/48)
 E - a wand of frost (19/48)
Scrolls
 e - a scroll of fear
 j - 5 scrolls of remove curse
 l - a scroll of enchant armour
 n - a scroll of enchant weapon
 o - 2 scrolls of immolation {unknown}
 q - a scroll of magic mapping {unknown}
 w - a scroll of silence {unknown}
 y - 2 scrolls of blinking
 z - a scroll of recharging
 D - a scroll of fog {unknown}
 H - a scroll of teleportation {unknown}
Potions
 g - 2 potions of flight
 i - 4 potions of agility
 m - 2 potions of cancellation
 r - a potion of mutation {unknown}
 t - a potion of cure mutation {unknown}
 A - a potion of berserk rage
 B - a potion of poison {unknown}
 I - a potion of curing
Books
 b - a book of Changes

   Spells                             Type                      Level
   a - Beastly Appendage              Transmutation                1
   b - Sticks to Snakes               Transmutation                2
   c - Spider Form                    Transmutation/Poison         3
   d - Ice Form                       Ice/Transmutation            4
   e - Blade Hands                    Transmutation                5
 v - a Grand Grimoire

   Spells                             Type                      Level
   a - Monstrous Menagerie            Summoning                    7
   b - Summon Greater Demon           Summoning                    7
   c - Malign Gateway                 Summoning/Translocation      7
   d - Summon Horrible Things         Summoning                    8
 F - the Disquisition on the Escort
   (You found it on level 7 of the Dungeon)

   Spells                             Type                      Level
   a - Call Imp                       Summoning                    2
   b - Summon Mana Viper              Hexes/Summoning              5
   c - Summon Forest                  Summoning/Translocation      5
   d - Aura of Abjuration             Summoning                    5
Comestibles
 c - 9 bread rations
 k - a slice of pizza
 C - 5 fruits
 J - a chunk of flesh


   Skills:
 + Level 4.1 Fighting
 - Level 1.7 Dodging
 * Level 9.1 Unarmed Combat
 - Level 4.0 Spellcasting
 - Level 8.0 Transmutations
 - Level 3.0 Ice Magic
 - Level 1.2 Invocations


You had 4 spell levels left.
You knew the following spells:

 Your Spells              Type           Power        Failure   Level  Hunger
a - Beastly Appendage     Trmt           #####.       12%         1    None
b - Sticks to Snakes      Trmt           #####...     14%         2    #......
c - Ice Form              Ice/Trmt       ####....     54%         4    ####...
d - Blade Hands           Trmt           #####.....   54%         5    ######.


Dungeon Overview and Level Annotations

Branches:
Dungeon (8/15)             Temple (1/1) D:5
   Lair: D:8-11

Altars:
Ashenzari
Cheibriados
Dithmenos
Elyvilon
Fedhas
Gozag
Makhleb
Nemelex Xobeh
Okawaru
Pakellas
Qazlal
Ru
Sif Muna
Trog
Vehumet
Yredelemnul
Zin
The Shining One

Shops:
D:6 :%:


Innate Abilities, Weirdness & Mutations

You can breathe blasts of noxious fumes.
Your lurid green scales are hard (AC +7).
Your body does not fit into most forms of armour.
Your system is resistant to poisons.
You are cold-blooded and may be slowed by cold attacks.


Message History

You see here 3 scrolls of random uselessness.
You climb upwards.
There is a stone staircase leading down here.
Drink which item? (? for menu, Esc to quit)
You feel agile all of a sudden.
The two-headed ogre hits you with a giant club.
The two-headed ogre closely misses you.
Casting: Beastly Appendage
Confirm with . or Enter, or press ? or * to list all spells.
You miscast Blade Hands.
You are very lightly contaminated with residual magic.
Your skin glows momentarily.
The two-headed ogre barely misses you.
The two-headed ogre hits you with a giant club!
Casting: Blade Hands
Confirm with . or Enter, or press ? or * to list all spells.
Your hands turn into razor-sharp scythe blades.
The two-headed ogre hits you with a giant club!!
* * * LOW HITPOINT WARNING * * *
The two-headed ogre hits you with a giant club!!
You die...

#.##
#.####.................
#..# #.#
#.......########## ##.#
#.# #.......# #.# #.#
#.......# ###### #.##
#.# #.......# #.....
#..# #.# #.......#
#..... ##.###.#
#.......# #.....
#..##.# #.#######
#...[. ##.##.# #@#
#..... #..#.# #O#
#..... ##.#.# #.#
###### #...# #.#
#######..####.#
#.......>.....# ####
#.####.#####..# #...
#.# #.#####..# #.## #.#
#...))#..# #...


You could see a two-headed ogre.

Vanquished Creatures
  A spriggan (D:7)
  Menkaure (D:5)
  Duvessa (D:6)
  An orc warrior (D:7)
  3 ice beasts
  3 phantoms
  A wasp (D:7)
  A centaur (D:7)
  5 giant frogs
  Dowan (D:6)
  3 scorpions
  2 jellies
  A centaur zombie (D:6)
  2 giant frog zombies
  7 crimson imps
  A quasit (D:4)
  3 orc priests
  2 hounds (D:5)
  2 giant frog skeletons
  Natasha (twice) (D:4)
  A gnoll shaman (D:7)
  Crazy Yiuf (D:4)
  4 orc wizards
  2 worker ants
  A hound zombie (D:6)
  A hound skeleton (D:4)
  3 worker ant zombies
  Robin (D:4)
  10 gnolls
  5 adders
  An ooze (D:1)
  2 adder zombies
  2 worms
  6 giant geckos
  29 orcs
  4 giant cockroaches
  12 goblins
  6 hobgoblins
  5 jackals
  8 kobolds
  7 quokkas
  A ball python (D:2)
  6 bats
  A giant gecko skeleton (D:4)
  4 giant newts
  A jackal skeleton (D:7)
  A quokka skeleton (D:4)
  4 rats
172 creatures vanquished.

Notes
Turn   | Place    | Note
--------------------------------------------------------------
     0 | D:1      | ThermosAquaticus the Draconian Transmuter began the quest for the Orb.
     0 | D:1      | Reached XP level 1. HP: 16/16 MP: 3/3
   264 | D:1      | Reached XP level 2. HP: 23/23 MP: 3/5
   268 | D:1      | Learned a level 2 spell: Sticks to Snakes
   497 | D:1      | Found a shattered altar of Ashenzari.
   879 | D:2      | Reached skill level 4 in Unarmed Combat
  1078 | D:2      | Found a sacrificial altar of Ru.
  1083 | D:2      | Found an oddly glowing altar of Pakellas.
  1084 | D:2      | Reached XP level 3. HP: 28/28 MP: 4/6
  1096 | D:2      | Found a shattered altar of Ashenzari.
  1096 | D:2      | Found an opulent altar of Gozag.
  1100 | D:2      | Found a glowing golden altar of the Shining One.
  1100 | D:2      | Found a deep blue altar of Sif Muna.
  1100 | D:2      | Found a glowing silver altar of Zin.
  1774 | D:3      | Reached skill level 5 in Unarmed Combat
  1774 | D:3      | Reached XP level 4. HP: 31/35 MP: 7/7
  2588 | D:4      | Learned a level 4 spell: Ice Form
  2599 | D:4      | Noticed Robin
  2612 | D:4      | Killed Robin
  2612 | D:4      | Reached XP level 5. HP: 40/40 MP: 6/8
  2654 | D:4      | Reached skill level 6 in Unarmed Combat
  3050 | D:4      | Noticed Crazy Yiuf
  3056 | D:4      | Killed Crazy Yiuf
  3056 | D:4      | Reached XP level 6. HP: 47/47 MP: 7/9
  3111 | D:4      | Reached skill level 7 in Unarmed Combat
  3264 | D:4      | Noticed an ice beast
  3280 | D:4      | Killed an ice beast
  3280 | D:4      | Reached skill level 1 in Ice Magic
  3355 | D:4      | Noticed Natasha
  3370 | D:4      | Killed Natasha
  3844 | D:4      | Noticed Natasha
  3856 | D:4      | Killed Natasha
  3856 | D:4      | Reached XP level 7. HP: 43/52 MP: 10/10
  3856 | D:4      | Your scales start taking on a lurid green colour.
  3856 | D:4      | Gained mutation: Your system is resistant to poisons. [Green Draconian growth]
  3920 | D:5      | Entered Level 5 of the Dungeon
  4000 | D:5      | Found a white marble altar of Elyvilon.
  4027 | D:5      | Found a staircase to the Ecumenical Temple.
  4038 | Temple   | Entered the Ecumenical Temple
  4060 | Temple   | Became a worshipper of Warmaster Okawaru
  4144 | D:5      | Noticed Menkaure
  4155 | D:5      | Killed Menkaure
  4612 | D:5      | Reached skill level 5 in Transmutations
  4967 | D:5      | Reached * piety under Okawaru
  4967 | D:5      | Reached XP level 8. HP: 43/59 MP: 11/11
  5811 | D:6      | Found Retex's Book Boutique.
  5914 | D:6      | Found Gapoy's Food Shoppe.
  5931 | D:6      | Found Geher's Book Shoppe.
  6507 | D:6      | Reached skill level 8 in Unarmed Combat
  6561 | D:6      | Noticed Duvessa
  6562 | D:6      | Noticed Dowan
  6589 | D:6      | Killed Duvessa
  6589 | D:6      | Reached ** piety under Okawaru
  6801 | D:6      | Killed Dowan
  6940 | D:6      | Learned a level 5 spell: Blade Hands
  7330 | D:7      | Reached XP level 9. HP: 70/70 MP: 11/13
  7443 | D:7      | Reached skill level 9 in Unarmed Combat
  7742 | D:7      | Identified the Disquisition on the Escort
  9081 | D:8      | Reached skill level 1 in Invocations
  9158 | D:7      | Slain by a two-headed ogre

Vault maps used:
D:1:      lemuel_arrival_lava_pool, nicolae_ashenzari_panopticon
D:2:      grunt_temple_overflow_open
D:4:      grunt_decor_mini_mirrors, corexii_leaking_fountain, uniq_natasha,
          uniq_crazy_yiuf_cottage, uniq_robin
D:5:      lemuel_upstairs_altar, elyvilon_altar_1, minmay_temple_entry_mist,
          first_bread, serial_bayou_lagoon_a, uniq_menkaure
D:6:      serial_shops, shop, nicolae_shop_window_shopping, shop_statue,
          uniq_duvessa
D:7:      the_bakery
D:8:      cheibrodos_stairvault_heist
Temple:   triangle_lava_temple_11

Action                   |  1- 3 |  4- 6 |  7- 9 || total
-------------------------+-------+-------+-------++-------
Melee: Unarmed           |   145 |   221 |   482 ||   848
Throw: Stone             |       |     4 |     1 ||     5
 Cast: Beastly Appendage |    25 |    30 |    50 ||   105
       Blade Hands       |       |       |     1 ||     1
Evoke: Wand              |       |     3 |     7 ||    10
  Use: Scroll            |       |     3 |     9 ||    12
       Potion            |       |       |     1 ||     1
 Stab: Sleeping          |     2 |       |       ||     2
  Eat: Chunk             |     3 |     8 |    16 ||    27
       Beef jerky        |       |       |     1 ||     1
